 Dungeon Crawl Stone Soup version 0.21.1-1-g345015f (webtiles) character file.

7 rlgrobin the Insei (level 2, 0/23 HPs)
             Began as a Gnoll Wanderer on Apr 7, 2018.
             Slain by a kobold
             ... wielding a +0 whip
              (5 damage)
             ... on level 1 of the Dungeon.
             The game lasted 00:00:50 (76 turns).

rlgrobin the Insei (Gnoll Wanderer)                   Turns: 76, Time: 00:00:51

Health: 0/23       AC:  3    Str: 13    XL:     2   Next: 0%
Magic:  5/5        EV: 11    Int: 15    God:
Gold:   0          SH:  0    Dex: 14    Spells: 6/6 levels left

rFire    . . .     SeeInvis .     - Unarmed
rCold    . . .     Gourm    .   (no shield)
rNeg     . . .     Faith    .   e - +0 robe
rPois    .         Spirit   .   i - +0 helmet
rElec    .         Reflect  .   (no cloak)
rCorr    .         Harm     .   (no gloves)
MR       .....                  (no boots)
Stlth    ++........             (no amulet)
HPRegen  0.07/turn              (no ring)
MPRegen  0.09/turn              (no ring)

@: no status effects
A: distributed training, fangs 1, strong nose
a: no special abilities


You were on level 1 of the Dungeon.
You were not hungry.

You visited 1 branch of the dungeon, and saw 1 of its levels.


Innate Abilities, Weirdness & Mutations

Your experience applies equally to all skills.
You have very sharp teeth.
Your uncanny sense of smell can sniff out nearby items.


   Skills:
 + Level 2.4 Fighting
 + Level 0.2 Short Blades
 + Level 0.2 Long Blades
 + Level 0.2 Axes
 + Level 0.2 Maces & Flails
 + Level 0.2 Polearms
 + Level 0.2 Staves
 + Level 0.2 Slings
 + Level 0.2 Bows
 + Level 0.2 Crossbows
 + Level 2.4 Throwing
 + Level 0.2 Armour
 + Level 0.2 Dodging
 + Level 2.2 Stealth
 + Level 0.2 Shields
 + Level 6.4 Unarmed Combat
 + Level 2.6 Spellcasting
 + Level 2.0 Conjurations
 + Level 0.1 Hexes
 + Level 0.1 Charms
 + Level 0.1 Summonings
 + Level 0.1 Necromancy
 + Level 0.1 Translocations
 + Level 0.1 Transmutations
 + Level 0.1 Fire Magic
 + Level 0.1 Ice Magic
 + Level 2.0 Air Magic
 + Level 0.1 Earth Magic
 + Level 0.1 Poison Magic
 + Level 0.3 Invocations
 + Level 2.4 Evocations


You had 6 spell levels left.
You didn't know any spells.

Inventory:

Hand Weapons
 c - a +0 falchion
Armour
 e - a +0 robe (worn)
 i - a +0 helmet (worn)
Wands
 d - a wand of random effects (15)
Potions
 a - a potion of berserk rage {!q}
 b - a potion of heal wounds {@q2}
 g - a potion of curing {unknown}
Comestibles
 f - a ration
 h - 2 chunks of flesh

Dungeon Overview and Level Annotations

Branches:
Dungeon (1/15)

Altars:

▒▒▒.........▒▒ .▒ ▒ ▒
▒.........▒▒▒▒.▒ ...▒
+...▒..........▒ ##▒.
▒...▒.).......▒▒ ▒..≈
▒▒▒▒▒.........▒
▒..≈▒▒▒.............+∆
.≈▒▒..†.....▒▒......▒▒▒▒
▒≈..▒▒▒.....▒▒.K........
▒.▒▒.▒▒.▒.▒....Kg...▒▒ ▒
▒≈▒.▒.▒.▒...)▒▒▒▒▒▒
▒≈▒.▒.▒.....(..▒
.▒.▒▒.▒........▒
▒▒▒▒▒.▒......K...▒
▒..▒..▒.▒..K.!...▒
▒...<▒.▒......... ▒▒▒▒▒▒
▒.........▒ ▒.........▒


You could see 2 kobolds.


Message History

You take 3 damage, and have 13/17 hp!
You barely miss the kobold! The kobold completely misses you!
The kobold throws a stone!
The stone closely misses you!
The kobold throws a stone!
The stone hits you but does no damage!
You see here 2 stones!
You squash the kobold like an ant!!!
You annihilate the kobold!!!
Your Conjurations skill increases to level 2!!!
Your Air Magic skill increases to level 2!!!
You closely miss the hobgoblin! The hobgoblin hits you with a club!
You take 1 damage, and have 12/17 hp!
You closely miss the hobgoblin!
The hobgoblin hits you but does no damage!
You pulverise the hobgoblin!
The hobgoblin is almost dead!
The hobgoblin hits you with a club!
You take 1 damage, and have 11/17 hp!
You barely miss the hobgoblin!
You annihilate the hobgoblin!!!
You have reached level 2!!!
The kobold hits you but does no damage!
You regained 4 hp, and now have 15/23 hp!
MP restored: 5 You completely miss the kobold!
The kobold hits you with a whip!!! * * * don't die
* * * The kobold hits you! * * * don't die
* * * You take 10 damage, and have 5/23 hp!
MASSIVE DAMAGE!!!!!!
You closely miss the kobold! The kobold hits you with a whip! rip

Action                   || total
-------------------------++-------
Melee: Unarmed           ||    17
       Bite              ||     2
       Punch             ||     1
Armor: Robe              ||     4
Dodge: Dodged            ||     7

Vault maps used:
D:1:      dpeg_arrival_brainrot

Notes
Turn   | Place    | Note
-------+----------+-------------------------------------------
     0 | D:1      | rlgrobin the Gnoll Wanderer began the quest for the Orb.
     0 | D:1      | rlgrobin set off with: a potion of berserk rage {!q}, a potion of heal wounds {@q2}, a +0 falchion, a wand of random effects (15), a +0 robe, a ration
     0 | D:1      | Reached XP level 1. HP: 17/17 MP: 4/4
    67 | D:1      | Reached skill level 2 in Conjurations
    67 | D:1      | Reached skill level 2 in Air Magic
    74 | D:1      | Reached XP level 2. HP: 15/23 MP: 5/5
    76 | D:1      | Slain by a kobold

Vanquished Creatures
  A giant cockroach (D:1)
  2 goblins (D:1)
  A hobgoblin (D:1)
  A kobold (D:1)
5 creatures vanquished.
